[ AOE2 MATCH · #477698872 ]
UnrankedSaracens vs Burgundians
[ REPLAY ANALYSIS · EXTRACTED FROM THE RECORDED GAME ]
Feudal
10:53
Castle
30:00
Imperial
48:41
| APM avg | 57.5 |
| APM peak | 89 |
| eAPM avg | 19.4 |
| Villagers / military | 97 / 77 |
Focus
⚔️ 29.5% · 🌾 70.5%
Scout Cavalry ×35 · Mameluke ×22 · Spearman ×19 · Mangonel ×1
Feudal
10:13
Castle
29:34
Imperial
47:36
| APM avg | 28.0 |
| APM peak | 52 |
| eAPM avg | 15.3 |
| Villagers / military | 97 / 125 |
Focus
⚔️ 33.9% · 🌾 66.1%
Skirmisher ×58 · Flemish Militia ×41 · Knight ×21 · Coustillier ×2 · Spearman ×1 · Petard ×1
Feudal
15:41
Castle
36:07
Imperial
—
| APM avg | 13.1 |
| APM peak | 37 |
| eAPM avg | 11.2 |
| Villagers / military | 62 / 159 |
Focus
⚔️ 53.5% · 🌾 46.5%
Spearman ×159
Match map
Initial resources + every placement click. Lines = walls · curves = elevation contours. ◆ gold · ⬟ stone · ● berries · ✦ relic · ◌ wall gap
Your base· Open — unwalled flank
Mandude's base· Open — 4t gap
oliverthetiger's base· ✓ Closed at 36:07 · 274t walls · 3 gate(s)
Smoothed initial terrain · ◌ = detected wall gap · hover for details
Inputs per minute
— Darth vader - - Mandude
Build order — Darth vader
First 150 of 289 actions detected
| 0:01 | Create | Villager (Male) |
| 0:03 | Build | House |
| 0:04 | Build | House |
| 0:13 | Create | Villager (Male) |
| 0:13 | Create | Villager (Male) |
| 0:14 | Create | Villager (Male) |
| 1:34 | Create | Villager (Male) |
| 2:00 | Create | Villager (Male) |
| 2:08 | Build | Lumber Camp |
| 2:29 | Create | Villager (Male) |
| 2:49 | Create | Villager (Male) |
| 2:59 | Create | Villager (Male) |
| 3:40 | Create | Villager (Male) |
| 4:07 | Create | Villager (Male) |
| 4:38 | Create | Villager (Male) |
| 4:42 | Build | House |
| 5:29 | Build | House |
| 5:55 | Create | Villager (Male) |
| 6:06 | Build | House |
| 6:10 | Create | Villager (Male) |
| 6:21 | Create | Villager (Male) |
| 6:40 | Build | Barracks |
| 6:57 | Create | Villager (Male) |
| 7:11 | Create | Villager (Male) |
| 7:55 | Build | Mill |
| 8:40 | Create | Villager (Male) |
| 8:43 | Research | Feudal Age |
| 8:46 | Create | Villager (Male) |
| 9:41 | Create | Villager (Male) |
| 10:05 | Build | Mining Camp |
| 10:20 | Create | Villager (Male) |
| 10:43 | Create | Villager (Male) |
| 10:53 | Age | Feudal Age |
| 11:09 | Create | Villager (Male) |
| 11:27 | Build | House |
| 11:32 | Research | Loom |
| 11:35 | Research | Wheelbarrow |
| 12:00 | Create | Villager (Male) |
| 12:10 | Build | Market |
| 12:19 | Create | Villager (Male) |
| 12:31 | Research | Double-Bit Axe |
| 12:58 | Build | Farm |
| 12:58 | Build | Farm |
| 13:31 | Build | Stable |
| 13:51 | Create | Villager (Male) |
| 14:08 | Create | Scout Cavalry |
| 14:18 | Create | Villager (Male) |
| 14:46 | Create | Scout Cavalry |
| 15:01 | Create | Villager (Male) |
| 15:06 | Create | Villager (Male) |
| 15:09 | Build | Farm |
| 15:09 | Build | Farm |
| 15:09 | Build | Farm |
| 15:09 | Build | Farm |
| 15:19 | Build | Farm |
| 15:19 | Build | Farm |
| 15:19 | Build | Farm |
| 15:20 | Build | Farm |
| 15:30 | Create | Villager (Male) |
| 15:37 | Create | Villager (Male) |
| 15:50 | Create | Villager (Male) |
| 15:59 | Create | Villager (Male) |
| 16:08 | Build | Blacksmith |
| 16:12 | Create | Villager (Male) |
| 16:13 | Create | Villager (Male) |
| 16:21 | Build | Farm |
| 16:21 | Build | Farm |
| 16:21 | Build | Farm |
| 16:23 | Build | Farm |
| 16:24 | Build | Farm |
| 16:24 | Build | Farm |
| 16:24 | Build | Farm |
| 16:24 | Build | Farm |
| 16:24 | Build | Farm |
| 16:25 | Build | Farm |
| 16:25 | Build | Farm |
| 16:40 | Research | Scale Barding Armor |
| 17:00 | Create | Villager (Male) |
| 17:11 | Build | House |
| 17:12 | Build | House |
| 17:13 | Build | House |
| 17:25 | Build | Farm |
| 17:39 | Build | Farm |
| 17:41 | Create | Villager (Male) |
| 18:01 | Create | Scout Cavalry |
| 18:27 | Create | Scout Cavalry |
| 18:37 | Create | Scout Cavalry |
| 18:48 | Create | Scout Cavalry |
| 19:06 | Create | Scout Cavalry |
| 19:24 | Create | Scout Cavalry |
| 19:28 | Research | Bloodlines |
| 19:44 | Create | Scout Cavalry |
| 19:52 | Create | Scout Cavalry |
| 19:58 | Create | Scout Cavalry |
| 20:26 | Create | Scout Cavalry |
| 20:37 | Create | Scout Cavalry |
| 20:56 | Create | Villager (Male) |
| 21:15 | Create | Villager (Male) |
| 21:20 | Build | Farm |
| 21:25 | Create | Scout Cavalry |
| 21:41 | Build | Farm |
| 21:45 | Create | Scout Cavalry |
| 22:02 | Create | Scout Cavalry |
| 22:07 | Build | Stable |
| 22:08 | Build | Stable |
| 22:29 | Build | Mill |
| 22:29 | Build | Farm |
| 22:30 | Build | Farm |
| 22:45 | Build | Farm |
| 22:45 | Build | Farm |
| 23:38 | Build | Lumber Camp |
| 23:41 | Create | Scout Cavalry |
| 23:41 | Create | Scout Cavalry |
| 23:41 | Create | Scout Cavalry |
| 23:55 | Create | Scout Cavalry |
| 23:55 | Create | Scout Cavalry |
| 23:55 | Create | Scout Cavalry |
| 24:12 | Research | Scale Barding Armor |
| 24:27 | Build | Watch Tower |
| 24:49 | Create | Villager (Male) |
| 24:51 | Create | Villager (Male) |
| 25:22 | Create | Scout Cavalry |
| 25:22 | Create | Scout Cavalry |
| 25:23 | Create | Scout Cavalry |
| 25:25 | Build | Farm |
| 25:36 | Research | Forging |
| 25:40 | Create | Scout Cavalry |
| 25:54 | Build | Farm |
| 26:12 | Create | Villager (Male) |
| 26:24 | Build | Farm |
| 26:30 | Build | Farm |
| 26:30 | Build | Farm |
| 26:30 | Build | Farm |
| 26:44 | Build | Farm |
| 27:20 | Research | Castle Age |
| 27:46 | Build | Mining Camp |
| 28:06 | Create | Villager (Male) |
| 28:49 | Create | Villager (Male) |
| 29:17 | Create | Villager (Male) |
| 29:30 | Create | Villager (Male) |
| 30:00 | Age | Castle Age |
| 30:18 | Build | Archery Range |
| 30:19 | Build | Archery Range |
| 30:21 | Research | Bow Saw |
| 30:23 | Research | Horse Collar |
| 30:28 | Create | Villager (Male) |
| 30:50 | Create | Villager (Male) |
| 31:07 | Create | Villager (Male) |
| 31:08 | Build | Farm |
| 31:08 | Build | Farm |
Build order — Mandude
First 150 of 341 actions detected
| 0:00 | Create | Villager (Male) |
| 0:00 | Create | Villager (Male) |
| 0:02 | Build | House |
| 0:02 | Build | House |
| 0:12 | Create | Villager (Male) |
| 0:13 | Create | Villager (Male) |
| 1:22 | Create | Villager (Male) |
| 1:58 | Create | Villager (Male) |
| 2:10 | Build | Lumber Camp |
| 2:24 | Create | Villager (Male) |
| 2:58 | Create | Villager (Male) |
| 3:32 | Create | Villager (Male) |
| 3:36 | Research | Double-Bit Axe |
| 4:08 | Create | Villager (Male) |
| 4:24 | Create | Villager (Male) |
| 5:03 | Build | House |
| 5:10 | Create | Villager (Male) |
| 5:34 | Research | Loom |
| 5:45 | Create | Villager (Male) |
| 6:26 | Create | Villager (Male) |
| 6:29 | Build | Mill |
| 7:00 | Create | Villager (Male) |
| 7:02 | Create | Villager (Male) |
| 7:31 | Create | Villager (Male) |
| 8:03 | Research | Feudal Age |
| 8:34 | Create | Villager (Male) |
| 8:34 | Create | Villager (Male) |
| 8:58 | Build | Barracks |
| 9:06 | Build | House |
| 9:09 | Build | House |
| 9:26 | Build | Farm |
| 9:54 | Build | House |
| 9:59 | Build | Palisade Wall |
| 10:02 | Build | Palisade Wall |
| 10:07 | Build | Palisade Gate |
| 10:10 | Create | Villager (Male) |
| 10:13 | Age | Feudal Age |
| 10:16 | Build | House |
| 10:17 | Build | House |
| 10:23 | Build | Palisade Wall |
| 10:25 | Build | Palisade Wall |
| 10:27 | Create | Villager (Male) |
| 10:29 | Build | House |
| 10:32 | Build | Palisade Wall |
| 10:42 | Create | Flemish Militia |
| 10:42 | Create | Flemish Militia |
| 10:46 | Create | Villager (Male) |
| 10:47 | Build | Farm |
| 10:47 | Build | Farm |
| 10:50 | Build | Farm |
| 10:50 | Build | Farm |
| 10:55 | Build | House |
| 11:22 | Create | Villager (Male) |
| 11:39 | Build | Farm |
| 11:52 | Create | Villager (Male) |
| 12:09 | Research | Bow Saw |
| 13:00 | Create | Villager (Male) |
| 13:20 | Build | Archery Range |
| 13:23 | Create | Villager (Male) |
| 13:53 | Research | Horse Collar |
| 14:00 | Create | Villager (Male) |
| 14:14 | Create | Villager (Male) |
| 14:41 | Create | Skirmisher |
| 14:51 | Build | Mining Camp |
| 15:27 | Create | Villager (Male) |
| 15:30 | Create | Skirmisher |
| 15:49 | Create | Skirmisher |
| 15:57 | Build | Farm |
| 16:00 | Create | Flemish Militia |
| 16:06 | Create | Flemish Militia |
| 16:16 | Create | Skirmisher |
| 16:34 | Build | Blacksmith |
| 16:35 | Create | Villager (Male) |
| 16:54 | Create | Flemish Militia |
| 16:54 | Create | Flemish Militia |
| 16:55 | Create | Flemish Militia |
| 16:59 | Create | Villager (Male) |
| 17:01 | Build | Farm |
| 17:01 | Build | Farm |
| 17:02 | Build | Farm |
| 17:02 | Build | Farm |
| 17:02 | Build | Farm |
| 17:02 | Build | Farm |
| 17:05 | Research | Heavy Plow |
| 17:24 | Create | Skirmisher |
| 17:24 | Create | Skirmisher |
| 17:26 | Create | Flemish Militia |
| 17:26 | Create | Flemish Militia |
| 17:38 | Build | House |
| 17:39 | Build | House |
| 17:43 | Build | House |
| 17:52 | Create | Spearman |
| 18:06 | Create | Villager (Male) |
| 18:28 | Create | Villager (Male) |
| 19:03 | Create | Villager (Male) |
| 19:05 | Create | Villager (Male) |
| 19:09 | Create | Flemish Militia |
| 19:09 | Create | Flemish Militia |
| 19:09 | Create | Flemish Militia |
| 19:10 | Create | Skirmisher |
| 19:10 | Create | Skirmisher |
| 19:30 | Create | Skirmisher |
| 19:30 | Create | Skirmisher |
| 19:31 | Create | Flemish Militia |
| 19:31 | Create | Flemish Militia |
| 20:18 | Create | Villager (Male) |
| 20:20 | Create | Flemish Militia |
| 20:20 | Create | Flemish Militia |
| 20:21 | Create | Skirmisher |
| 20:22 | Create | Skirmisher |
| 20:25 | Create | Flemish Militia |
| 20:25 | Create | Flemish Militia |
| 20:26 | Create | Flemish Militia |
| 20:31 | Create | Villager (Male) |
| 20:31 | Create | Villager (Male) |
| 20:39 | Build | Mill |
| 20:41 | Build | Farm |
| 20:41 | Build | Farm |
| 20:41 | Build | Farm |
| 20:42 | Build | Farm |
| 20:42 | Build | Farm |
| 21:11 | Create | Villager (Male) |
| 21:21 | Research | Fletching |
| 21:26 | Build | Farm |
| 21:26 | Create | Villager (Male) |
| 22:02 | Create | Villager (Male) |
| 22:04 | Create | Skirmisher |
| 22:04 | Create | Skirmisher |
| 22:06 | Create | Flemish Militia |
| 22:06 | Create | Flemish Militia |
| 22:22 | Create | Villager (Male) |
| 22:25 | Create | Skirmisher |
| 22:26 | Create | Flemish Militia |
| 22:26 | Create | Flemish Militia |
| 23:31 | Create | Villager (Male) |
| 23:31 | Create | Villager (Male) |
| 23:31 | Create | Villager (Male) |
| 23:34 | Create | Skirmisher |
| 23:34 | Create | Skirmisher |
| 23:36 | Create | Flemish Militia |
| 23:36 | Create | Flemish Militia |
| 23:44 | Build | House |
| 23:45 | Build | House |
| 23:46 | Build | House |
| 23:47 | Build | House |
| 24:01 | Create | Villager (Male) |
| 24:46 | Create | Flemish Militia |
| 24:46 | Create | Flemish Militia |
| 25:11 | Build | Market |
| 25:52 | Create | Flemish Militia |
Build order — oliverthetiger
First 150 of 356 actions detected
| 0:13 | Build | House |
| 0:15 | Build | House |
| 0:28 | Create | Villager (Male) |
| 0:28 | Create | Villager (Male) |
| 0:28 | Create | Villager (Male) |
| 0:28 | Create | Villager (Male) |
| 0:30 | Research | Loom |
| 0:40 | Create | Villager (Male) |
| 0:40 | Create | Villager (Male) |
| 0:41 | Create | Villager (Male) |
| 2:06 | Create | Villager (Male) |
| 3:05 | Create | Villager (Male) |
| 3:06 | Create | Villager (Male) |
| 3:28 | Create | Villager (Male) |
| 3:58 | Create | Villager (Male) |
| 4:10 | Build | House |
| 4:11 | Build | House |
| 4:19 | Create | Villager (Male) |
| 4:44 | Create | Villager (Male) |
| 5:19 | Create | Villager (Male) |
| 6:06 | Create | Villager (Male) |
| 6:06 | Create | Villager (Male) |
| 6:26 | Build | Palisade Wall |
| 6:33 | Build | Palisade Wall |
| 6:35 | Build | Palisade Wall |
| 6:41 | Build | Palisade Wall |
| 6:43 | Build | Palisade Wall |
| 6:50 | Build | Palisade Wall |
| 6:52 | Build | Palisade Wall |
| 7:00 | Create | Villager (Male) |
| 7:00 | Create | Villager (Male) |
| 7:24 | Build | Lumber Camp |
| 7:40 | Create | Villager (Male) |
| 8:12 | Build | Palisade Wall |
| 9:01 | Create | Villager (Male) |
| 9:57 | Create | Villager (Male) |
| 9:57 | Create | Villager (Male) |
| 9:57 | Create | Villager (Male) |
| 10:02 | Create | Villager (Male) |
| 10:10 | Build | Mill |
| 10:36 | Build | Mining Camp |
| 11:22 | Build | House |
| 11:23 | Build | House |
| 11:25 | Build | House |
| 11:26 | Build | House |
| 12:12 | Build | Palisade Gate |
| 12:41 | Build | Barracks |
| 12:56 | Build | Palisade Wall |
| 12:59 | Build | Palisade Wall |
| 13:00 | Build | Palisade Wall |
| 13:06 | Build | Palisade Wall |
| 13:08 | Build | Palisade Wall |
| 13:10 | Build | Palisade Wall |
| 13:17 | Build | Palisade Wall |
| 13:20 | Build | Palisade Wall |
| 13:22 | Build | Palisade Wall |
| 13:31 | Research | Feudal Age |
| 13:32 | Create | Villager (Male) |
| 13:32 | Create | Villager (Male) |
| 13:32 | Create | Villager (Male) |
| 13:32 | Create | Villager (Male) |
| 15:21 | Build | Farm |
| 15:21 | Build | Farm |
| 15:21 | Build | Farm |
| 15:21 | Build | Farm |
| 15:21 | Build | Farm |
| 15:22 | Build | Farm |
| 15:22 | Build | Farm |
| 15:22 | Build | Farm |
| 15:22 | Build | Farm |
| 15:23 | Build | Farm |
| 15:41 | Age | Feudal Age |
| 16:21 | Build | Stone Wall |
| 16:24 | Build | Stone Wall |
| 16:27 | Build | Stone Wall |
| 16:30 | Build | Stone Wall |
| 16:36 | Build | Stone Wall |
| 16:39 | Build | Stone Wall |
| 16:43 | Build | Stone Wall |
| 16:54 | Create | Villager (Male) |
| 16:55 | Create | Villager (Male) |
| 16:55 | Create | Villager (Male) |
| 16:56 | Create | Villager (Male) |
| 16:57 | Create | Villager (Male) |
| 16:57 | Create | Villager (Male) |
| 16:57 | Create | Villager (Male) |
| 16:57 | Create | Villager (Male) |
| 17:12 | Build | Farm |
| 17:13 | Build | Farm |
| 17:13 | Build | Farm |
| 17:13 | Build | Farm |
| 17:41 | Create | Spearman |
| 17:42 | Create | Spearman |
| 17:42 | Create | Spearman |
| 17:42 | Create | Spearman |
| 17:42 | Create | Spearman |
| 18:21 | Create | Spearman |
| 18:21 | Create | Spearman |
| 18:43 | Build | Palisade Gate |
| 19:10 | Create | Spearman |
| 19:10 | Create | Spearman |
| 19:10 | Create | Spearman |
| 19:11 | Create | Spearman |
| 19:17 | Create | Villager (Male) |
| 19:17 | Create | Villager (Male) |
| 19:54 | Create | Spearman |
| 19:55 | Create | Spearman |
| 19:55 | Create | Spearman |
| 20:41 | Create | Spearman |
| 20:42 | Create | Spearman |
| 20:48 | Create | Villager (Male) |
| 20:48 | Create | Villager (Male) |
| 20:56 | Build | House |
| 20:57 | Build | House |
| 21:00 | Build | House |
| 21:01 | Build | House |
| 21:02 | Build | House |
| 21:03 | Build | House |
| 22:32 | Create | Spearman |
| 22:33 | Create | Spearman |
| 22:33 | Create | Spearman |
| 22:36 | Research | Wheelbarrow |
| 22:51 | Build | Farm |
| 22:52 | Build | Farm |
| 22:52 | Build | Farm |
| 22:52 | Build | Farm |
| 22:52 | Build | Farm |
| 22:53 | Build | Farm |
| 22:53 | Build | Farm |
| 22:53 | Build | Farm |
| 23:20 | Create | Spearman |
| 23:20 | Create | Spearman |
| 23:21 | Create | Spearman |
| 23:46 | Build | Blacksmith |
| 23:52 | Build | Market |
| 24:10 | Build | Gate |
| 24:18 | Create | Spearman |
| 24:18 | Create | Spearman |
| 24:18 | Create | Spearman |
| 24:18 | Create | Spearman |
| 24:19 | Create | Spearman |
| 24:20 | Create | Spearman |
| 25:27 | Create | Spearman |
| 25:27 | Create | Spearman |
| 25:27 | Create | Spearman |
| 25:27 | Create | Spearman |
| 25:28 | Create | Spearman |
| 26:41 | Build | Stone Wall |
| 26:43 | Build | Stone Wall |
| 26:50 | Build | Stone Wall |
Match timeline
| 6:26 | oliverthetiger · wall_segment Palisade Wall x29 |
| 6:33 | oliverthetiger · wall_segment Palisade Wall x5 |
| 6:35 | oliverthetiger · wall_segment Palisade Wall x10 |
| 6:40 | Darth vader · first_building Barracks |
| 6:41 | oliverthetiger · wall_segment Palisade Wall x13 |
| 6:43 | oliverthetiger · wall_segment Palisade Wall x9 |
| 6:50 | oliverthetiger · wall_segment Palisade Wall x15 |
| 6:52 | oliverthetiger · wall_segment Palisade Wall x3 |
| 8:12 | oliverthetiger · wall_segment Palisade Wall x1 |
| 8:58 | Mandude · first_building Barracks |
| 9:59 | Mandude · wall_segment Palisade Wall x13 |
| 10:02 | Mandude · wall_segment Palisade Wall x4 |
| 10:13 | Mandude · age_up feudal |
| 10:23 | Mandude · wall_segment Palisade Wall x6 |
| 10:25 | Mandude · wall_segment Palisade Wall x4 |
| 10:32 | Mandude · wall_segment Palisade Wall x1 |
| 10:53 | Darth vader · age_up feudal |
| 12:41 | oliverthetiger · first_building Barracks |
| 12:56 | oliverthetiger · wall_segment Palisade Wall x5 |
| 12:59 | oliverthetiger · wall_segment Palisade Wall x10 |
| 13:00 | oliverthetiger · wall_segment Palisade Wall x3 |
| 13:06 | oliverthetiger · wall_segment Palisade Wall x4 |
| 13:08 | oliverthetiger · wall_segment Palisade Wall x14 |
| 13:10 | oliverthetiger · wall_segment Palisade Wall x4 |
| 13:17 | oliverthetiger · wall_segment Palisade Wall x6 |
| 13:20 | Mandude · first_building Archery Range |
| 13:20 | oliverthetiger · wall_segment Palisade Wall x6 |
| 13:22 | oliverthetiger · wall_segment Palisade Wall x4 |
| 13:31 | Darth vader · first_building Stable |
| 15:41 | oliverthetiger · age_up feudal |
| 16:21 | oliverthetiger · wall_segment Stone Wall x17 |
| 16:24 | oliverthetiger · wall_segment Stone Wall x10 |
| 16:27 | oliverthetiger · wall_segment Stone Wall x15 |
| 16:30 | oliverthetiger · wall_segment Stone Wall x25 |
| 16:36 | oliverthetiger · wall_segment Stone Wall x15 |
| 16:39 | oliverthetiger · wall_segment Stone Wall x15 |
| 16:43 | oliverthetiger · wall_segment Stone Wall x20 |
| 17:55 | Darth vader · first_market_buy 100 food |
| 26:35 | Mandude · first_market_buy 100 food |
| 26:41 | oliverthetiger · wall_segment Stone Wall x5 |
| 26:43 | oliverthetiger · wall_segment Stone Wall x3 |
| 26:50 | oliverthetiger · wall_segment Stone Wall x13 |
| 26:57 | oliverthetiger · wall_segment Stone Wall x20 |
| 26:59 | oliverthetiger · wall_segment Stone Wall x5 |
| 27:17 | Darth vader · first_market_sell 100 wood |
| 28:02 | Mandude · first_building Stable |
| 29:34 | Mandude · age_up castle |
| 30:00 | Darth vader · age_up castle |
| 30:18 | Darth vader · first_building Archery Range |
| 30:42 | Mandude · wall_segment Stone Wall x8 |
| 33:09 | Darth vader · first_building Castle |
| 33:23 | Mandude · wall_segment Stone Wall x5 |
| 35:42 | Darth vader · wall_segment Palisade Wall x7 |
| 35:53 | Darth vader · wall_segment Palisade Wall x14 |
| 36:07 | oliverthetiger · age_up castle |
| 36:14 | Darth vader · wall_segment Palisade Wall x13 |
| 36:17 | Darth vader · wall_segment Palisade Wall x6 |
| 36:18 | Darth vader · wall_segment Palisade Wall x5 |
| 36:20 | Darth vader · wall_segment Palisade Wall x3 |
| 36:22 | Darth vader · wall_segment Palisade Wall x14 |
| 37:50 | Mandude · first_market_sell 100 food |
| 43:17 | Mandude · first_building Monastery |
| 44:02 | oliverthetiger · first_building Monastery |
| 45:15 | Mandude · first_building Castle |
| 46:11 | Darth vader · first_building Siege Workshop |
| 46:13 | Mandude · wall_segment Stone Wall x1 |
| 46:14 | Mandude · wall_segment Stone Wall x1 |
| 47:02 | Mandude · first_building Siege Workshop |
| 47:22 | Darth vader · wall_segment Palisade Wall x20 |
| 47:36 | Mandude · age_up imperial |
| 48:41 | Darth vader · age_up imperial |
| 48:56 | Mandude · resign |
[ AI ANALYSIS · 1 CREDIT ]
What really happened in this match?
Wolo.gg analyzes every decision: build order, eco, micro, common mistakes by bracket. Personalized analysis on WhatsApp or Discord in 30 seconds.
Civ guide
Saracens
Map guide
Arabia
Perfil
Darth vader